 Dungeon Crawl Stone Soup version 0.32-a0-666-ge8a88695a4 (webtiles) character file.

Game seed: 821986214868610211

44 Esekla the Chiller (level 3, -1/29 HPs)
             Began as a Mountain Dwarf Wanderer on Mar 9, 2024.
             Slain by an adder (2 damage)
             ... on level 2 of the Dungeon.
             The game lasted 00:08:35 (1160 turns).

Esekla the Chiller (Mountain Dwarf Wanderer)        Turns: 1160, Time: 00:08:36

Health: -1/29      AC:  5    Str: 15    XL:     3   Next: 39%
Magic:  4/4        EV: 11    Int: 15    God:
Gold:   75         SH:  5    Dex:  7    Spells: 3/4 levels left

rFire   . . .        a - staff of cold
rCold   + . .        (no shield)
rNeg    . . .        e - +0 leather armour
rPois   .            (no helmet)
rElec   .            (no cloak)
rCorr   .            c - +0 pair of gloves
SInv    +            i - +0 pair of boots
Will    .....        j - amulet of reflection
Stlth   +            g - ring of see invisible
HPRegen 0.24/turn    (no ring)
MPRegen 0.09/turn

%: reflection
@: brilliant
A: runic magic, artefact enchanting
a: no special abilities


You were on level 2 of the Dungeon.
You visited 1 branch of the dungeon, and saw 2 of its levels.

You collected 75 gold pieces.

Inventory:

Hand Weapons
 d - a +0 spear
Armour
 c - a +0 pair of gloves (worn)
 e - a +0 leather armour (worn)
 i - a +0 pair of boots (worn)
Magical Staves
 a - a staff of cold (weapon)
Jewellery
 g - a ring of see invisible (left hand)
 j - an amulet of reflection (around neck)
 l - a ring of fire
Scrolls
 b - a scroll of silence {unknown}
 m - a scroll of enchant weapon {unknown}


   Skills:
 * Level 2.0 Fighting
 * Level 1.0 Axes
 * Level 1.0 Armour
 + Level 0.1 Dodging
 - Level 1.4 Stealth
 + Level 2.0 Unarmed Combat
 * Level 1.2 Spellcasting
 * Level 3.2 Ice Magic
 + Level 1.1 Evocations


You had 3 spell levels left.
You knew the following spells:

 Your Spells              Type           Power      Damage    Failure   Level
a - Freeze                Ice            92%        1d9       7%          1

Your spell library contained the following spells:

 Spells                   Type           Power      Damage    Failure   Level
 Ozocubu's Armour         Ice            23%        N/A       21%         3
 Summon Ice Beast         Ice/Summ       12%        N/A       36%         3
 Summon Mana Viper        Hex/Summ       1%         N/A       100%        5
 Monstrous Menagerie      Summ           0%         N/A       100%        7


Dungeon Overview and Level Annotations

Branches:
Dungeon (2/15)

Altars:


Innate Abilities, Weirdness & Mutations

Your spellcasting is much less encumbered by armour.
You can use scrolls of enchantment on lesser artefacts.


Message History

The adder is severely wounded.
You feel sick. The adder bites you but does no damage. The adder bites you.
You closely miss the adder.
The adder is severely wounded.
You feel sick.
You are no longer poisoned.
The adder closely misses you.
You hit the adder.
The adder is almost dead.
The adder bites you but does no damage. The adder bites you.
You miss the adder.
The adder is almost dead.
You block the adder's attack.
You miss the adder.
The adder is almost dead.
The adder bites you. You block the adder's attack.
You miss the adder.
The adder is almost dead.
The adder bites you.
* * * LOW HITPOINT WARNING * * *
You miss the adder.
The adder is almost dead.
The adder bites you.
* * * LOW HITPOINT WARNING * * *
You are poisoned.
The adder poisons you! The adder bites you but does no damage.
You closely miss the adder.
The adder is almost dead.
* * * LOW HITPOINT WARNING * * *
You feel sick. The adder closely misses you.
The adder bites you but does no damage.
It was a potion of brilliance.
You feel clever all of a sudden.
You feel sick. You block the adder's attack.
You hit the adder.
The adder is almost dead.
You feel sick.
You are no longer poisoned.
The adder bites you.
You die...

... #... .. #.###.
# .. ..#... #
..###....###
...#......###
...........##
##....)......
###...........#
#@S...........#
#...##.....)....##
#..####...........#
....# ##........#
#### ##........##
#..........#
#...†......#
#....).....#
#..........#


You could see an adder.

Vanquished Creatures
  A gnoll (D:2)
  3 endoplasms (D:1)
  3 giant cockroaches
  7 hobgoblins (D:1)
  3 jackals
  A quokka (D:1)
  2 ball pythons (D:1)
  2 frilled lizards (D:1)
  3 goblins (D:1)
  4 kobolds (D:1)
29 creatures vanquished.

Notes
Turn   | Place    | Note
-------+----------+-------------------------------------------
     0 | D:1      | Esekla the Mountain Dwarf Wanderer began the quest for the
                  | Orb.
     0 | D:1      | Esekla set off with the following items: a +0 club, a
                  | scroll of blinking, a +0 pair of gloves, a potion of
                  | attraction, a +0 leather armour, a potion of berserk rage;
                  | and the following spell memorised: Freeze; and the
                  | following spells available to memorise: Ozocubu's Armour.
     0 | D:1      | Reached XP level 1. HP: 16/16 MP: 2/2
   221 | D:1      | Reached skill level 3 in Ice Magic
   226 | D:1      | Reached XP level 2. HP: 15/23 MP: 3/3
   848 | D:2      | Reached XP level 3. HP: 28/28 MP: 4/4
  1021 | D:1      | Reached skill level 1 in Axes
  1070 | D:1      | You fall into a shaft and drop 1 floor!
  1089 | D:2      | Reached skill level 1 in Armour
  1160 | D:2      | HP: 1/29 [poisoned by an adder]
  1160 | D:2      | Slain by an adder

Illustrated notes

Levels and vault maps discovered:
D:1:      dpeg_arrival_rooms_b, layout_basic, minmay_octomino_c4
D:2:      layout_rooms, ebering_ecumenical_altar_webs, uniq_jessica

Skill      XL: |  1  2  3 |
---------------+----------+-----
Ice Magic      | 3 |  3.2
Axes           | 1 |  1.0
Armour         | 1 |  1.0
Fighting       | 2 |  2.0
Dodging        | |  0.1
Stealth        | |  1.4
Unarmed Combat | |  2.0
Spellcasting   | |  1.2
Evocations     | |  1.1

Action                     || total
---------------------------++-------
  Melee: Club              ||   127
         Staff             ||    63
    Use: Potion            ||     3
         Scroll            ||     2
 Armour: Leather armour    ||   141
  Dodge: Dodged            ||   116
  Block: Other             ||    29

Table legend: (Time is in decaauts)
 A = Elapsed time spent in this place.
 B = Non-inter-level travel time spent in this place.
 C = Inter-level travel time spent in this place.
 D = Time resting spent in this place.
 E = Time spent auto-exploring this place.
 F = Levels seen in this place.
 G = Mean time per level.
                   A        B        C        D        E       F      G
               +--------+--------+--------+--------+--------+-----+--------+
         Total |   1221 |   1201 |     20 |    255 |    102 |   2 |  610.5 |
       Dungeon |   1221 |   1201 |     20 |    255 |    102 |   2 |  610.5 |
               +--------+--------+--------+--------+--------+-----+--------+

Top non-repeatable levels by time:
     D:1: 1079 daAuts
     D:2: 141 daAuts
